Cogmind - Beta 16 *** ADVENTURER MODE // 2025.10.28 @ 10:49:29 Player: Atrele Result: Smashed by cave-in Performance ------------- Evolutions (0) 0 Regions Visited (2) 400 Robots Destroyed (22) 110 Value Destroyed (671) 671 Prototype IDs (2) 40 Alien Tech Used (0) 0 Bonus (0) 0 TOTAL SCORE: 1221 Bonus ------- None Cogmind --------- Core Integrity 0/250 Matter 250/300 Energy 100/100 System Corruption 3% Temperature Cool (0) Movement Rolling (120) Ox1 Location -10/Subcaves Parts ------- > --- POWER (1) -------- (None) > --- PROPULSION (2) --- Subdweller Monowheel > --- UTILITY (2) ------ Large Storage Unit Targeting Computer > --- WEAPON (2) ------- Beam Rifle Slug Cannon > --- INVENTORY (15) --- Subdweller Power Source Aluminum Leg Aluminum Leg Aluminum Leg Aluminum Leg Makeshift Leg Subdweller Monowheel Cooling System High-capacity Storage Unit Tractor Beam Beam Rifle Light Assault Rifle Battle Rifle Battle Cannon Datajack Peak State ------------ > --- POWER ------------ Subdweller Power Source > --- PROPULSION ------- Subdweller Monowheel Subdweller Monowheel > --- UTILITY ---------- Large Storage Unit Targeting Computer > --- WEAPON ----------- Light Assault Rifle Slug Cannon > --- INVENTORY -------- Ion Engine Aluminum Leg Aluminum Leg Aluminum Leg Aluminum Leg Makeshift Leg Cooling System Cooling System High-capacity Storage Unit Tractor Beam Beam Rifle Beam Rifle Battle Rifle Battle Cannon Datajack [Rating: 15] Favorites ----------- Power Ion Engine Engine Ion Engine Propulsion Wheel Wheel Wheel Utility Targeting Computer Storage Large Storage Unit Processor Targeting Computer Weapon Light Assault Rifle Energy Gun Medium Laser Ballistic Gun Light Assault Rifle Ballistic Cannon Slug Cannon Build | -11 -10 -10 ------- Run | Yrd Mat Sub Slots Evolved . | . . . Power . | . . . Propulsion . | . . . Utility . | . . . Weapon . | . . . Parts Attached 26 | 7 8 11 Power 5 | 2 2 1 Engine 5 | 2 2 1 Core . | . . . Reactor . | . . . Propulsion 8 | 2 . 6 Treads . | . . . Leg . | . . . Wheel 8 | 2 . 6 Hover . | . . . Flight . | . . . Utility 4 | 1 3 . Device . | . . . Storage 3 | 1 2 . Processor 1 | . 1 . Hackware . | . . . Protection . | . . . Artifact . | . . . Weapon 9 | 2 3 4 Energy Gun 3 | . 2 1 Energy Cannon . | . . . Ballistic Gun 4 | 2 1 1 Ballistic Cannon 2 | . . 2 Launcher . | . . . Special Weapon . | . . . Impact Weapon . | . . . Slashing Weapon . | . . . Piercing Weapon . | . . . Special Melee Weapon . | . . . Unidentified Prototypes . | . . . Parts Lost 2 | . . 2 Power 1 | . . 1 Propulsion 1 | . . 1 Utility . | . . . Weapon . | . . . Highest Loss Streak 2 | . . 2 To Critical Strikes . | . . . Average Backups 13 | 2 12 14 Power 1 | . 1 1 Propulsion 4 | 1 3 4 Utility 3 | . 3 3 Weapon 3 | . 2 3 Tool/Special . | . . . Unused Backups 14 | . 2 12 Power 1 | . . 1 Propulsion 6 | . 1 5 Utility 5 | . 1 4 Weapon 1 | . . 1 Tool/Special 1 | . . 1 Average Slot Usage (%) 99 | . 99 100 Engine 14 | . 14 14 Wheel 27 | . 27 28 Storage 14 | . 14 14 Processor 13 | . 13 14 Energy Gun 5 | . 8 3 Ballistic Gun 19 | . 19 18 Ballistic Cannon 2 | . . 5 Peak Build Rating 15 | 6 8 15 Average Rating 9 | 4 7 11 On Entrance 4 | . 6 8 Avg Prop Armor Cover (%) 5 | . . 5 Naked Turns . | . . . Heaviest Build 35 | 12 29 35 Greatest Support 40 | 26 26 40 Greatest Overweight (x) 2 | . 1 2 Average Overweight (x) . | . . . Largest Inventory Capacity 15 | 8 15 15 Average Capacity 14 | 6 14 15 Most Carried 15 | 5 15 15 Average Carried 13 | 2 12 14 Final Capacity 15 | 8 15 15 Final Carried 15 | 5 14 15 Class Distribution -------------------- 100% | Mutant Dominant Class ---------------- Mutant | -10/Materials Mutant | -10/Subcaves Resources | -11 -10 -10 ----------- Run | Yrd Mat Sub Matter Collected 809 | 198 214 397 Remotely . | . . . Salvage Created 720 | . 503 217 Parts 39 | . 29 10 Haulers Intercepted . | . . . Recyclers Shooed 1 | . 1 . Parts Field Recycled . | . . . Retrieved Matter . | . . . Parts Self-Destructed 4 | . . 4 Prevented . | . . . Parts Restored . | . . . Kills | -11 -10 -10 ------- Run | Yrd Mat Sub Combat Hostiles Destroyed 21 | . 15 6 Guns 17 | . 14 3 Cannons 3 | . . 3 Classes Destroyed 5 | . 3 2 Watcher 1 | . 1 . Swarmer 5 | . 5 . Grunt 11 | . 10 1 Sentry 1 | . . 1 Subdweller 4 | . . 4 Best Kill Streak 4 | . 4 2 Combat Bots Only 4 | . 4 2 Max Kills in Single Turn 2 | . 2 1 Gunslinging 1 | . 1 . Exploded . | . . . Melee . | . . . Uniques/NPCs Destroyed . | . . . Combat | -11 -10 -10 -------- Run | Yrd Mat Sub Hostile Shots Fired 81 | . 57 24 Missed 24 | . 14 10 Hits 57 | . 43 14 Projectile 57 | . 43 14 AOE 2 | . . 2 Damage Taken 966 | . 387 579 Core 298 | . 74 224 Absorbed by Shields . | . . . Ignored by Resistances 202 | . 124 78 Regen/Repaired (Parts) 46 | . 46 . Core Remaining (%) 100 | 100 . . Volleys Fired 81 | . 30 51 Largest 2 | . 2 2 Hottest 100 | . 100 96 Shots Fired 153 | . 60 93 Gun 119 | . 60 59 Cannon 34 | . . 34 Launcher . | . . . Special . | . . . Kinetic 95 | . 26 69 Thermal 58 | . 34 24 Explosive . | . . . Electromagnetic . | . . . Robot Hit Streak 16 | . 16 13 Robot Miss Streak 2 | . 1 2 Penetration Max . | . . . Secondary Targets 1 | . 1 . Max Gunslinging Chain 1 | . 1 . Shots Hit Robots 92 | . 51 41 Core Hits 43 | . 31 12 Critical Kills . | . . . Critical Parts Destroyed . | . . . Critical Strikes 10 | . 7 3 Burn 9 | . 7 2 Destroy 1 | . . 1 Melee Attacks . | . . . Impact . | . . . Slashing . | . . . Piercing . | . . . Sneak Attacks . | . . . Combat Hostiles . | . . . Follow-up Attacks . | . . . Damage Inflicted 1097 | . 544 553 Guns 851 | . 541 310 Cannons 243 | . . 243 Explosions . | . . . Melee . | . . . Ramming 3 | . 3 . Kinetic 604 | . 165 439 Thermal 490 | . 376 114 Explosive . | . . . Electromagnetic . | . . . Impact . | . . . Slashing . | . . . Piercing . | . . . Highest Corruption . | . . . Average Corruption . | . . . Corruption Purged . | . . . Corruption Blocked . | . . . Overload Shots . | . . . Overflow Damage . | . . . Projectiles . | . . . Explosions . | . . . Melee . | . . . Knockbacks 2 | . . 2 Impact . | . . . Kinetic 2 | . . 2 Secondary . | . . . Self-Inflicted Damage 1 | . 1 . Shots . | . . . Rammed 1 | . 1 . Targets Rammed 1 | . 1 . Kicked . | . . . Crushed . | . . . Highest Temperature 375 | . 375 1 Average Temperature 108 | . 109 1 Received Heat Transfer 255 | . 234 21 Effects 1 | . 1 . Damage (minor) 1 | . 1 . Siege Activations . | . . . Martial Activations . | . . . Shielding Activations . | . . . Robots Disrupted . | . . . Combat Hostiles . | . . . Robots Corrupted . | . . . Combat Hostiles . | . . . Parts Fried . | . . . Impact Corruptions . | . . . Robots Melted 1 | . 1 . Combat Hostiles 1 | . 1 . Parts Melted 9 | . 8 1 Heat Transferred 2072 | . 1628 444 Parts Sabotaged . | . . . Parts Stolen . | . . . Parts Stripped . | . . . Power Chain Reactions . | . . . Alert | -11 -10 -10 ------- Run | Yrd Mat Sub Maximum Alert Level . | . . . Low Security (%) 100 | 100 100 . Level 1 . | . . . Level 2 . | . . . Level 3 . | . . . Level 4 . | . . . Level 5 . | . . . High Security . | . . . Max Security . | . . . Peak Influence 130 | . 130 . Initial . | . . . Average 40 | . 42 . Influence Increases 433 | . 393 40 Destroy 0b10 Robot/C 340 | . 300 40 Destroy 0b10 Robot/NC 5 | . 5 . Destroy Leader 62 | . 62 . Successful Hack 26 | . 26 . Influence Decreases 433 | . 393 40 Time Decay 433 | . 393 40 Squads Dispatched 3 | . 3 . Investigation 3 | . 3 . Extermination . | . . . Reinforcement . | . . . Assault . | . . . Garrison . | . . . Intercept . | . . . Searches Triggered . | . . . Construction Impeded . | . . . Haulers Reinforced . | . . . Active Scanning Responses . | . . . Cargo Convoy Interrupts . | . . . Stealth | -11 -10 -10 --------- Run | Yrd Mat Sub Distress Signals 2 | . 2 . Communications Jammed . | . . . Distress Signals . | . . . Times Spotted 37 | . 25 12 Peak Tracking Total 4 | . 4 2 Tactical Retreats . | . . . Traps | -11 -10 -10 ------- Run | Yrd Mat Sub Traps Triggered 3 | . 3 . Indirectly . | . . . Trap Hack Attempts . | . . . Triggered . | . . . Disarmed . | . . . Reprogrammed . | . . . Reused . | . . . Traps Extracted . | . . . Installed . | . . . Triggered . | . . . Machines | -11 -10 -10 ---------- Run | Yrd Mat Sub Machines Disabled . | . . . Max in Single Turn . | . . . Machines Repaired . | . . . Machines Dismantled . | . . . Machines Sabotaged . | . . . Overloaded Fab Kills . | . . . Hacking | -11 -10 -10 --------- Run | Yrd Mat Sub Machines Accessed 9 | . 9 . Terminals 8 | . 8 . Fabricators . | . . . Repair Stations 1 | . 1 . Recycling Units . | . . . Scanalyzers . | . . . Garrison Access . | . . . Total Hacks 30 | . 30 . Successful 14 | . 14 . Failed 16 | . 16 . Catastrophic 2 | . 2 . Database Lockouts . | . . . Manual 9 | . 9 . Terminals 26 | . 26 . Fabricators . | . . . Repair Stations 4 | . 4 . Recycling Units . | . . . Scanalyzers . | . . . Garrison Access . | . . . Terminal Hacks 10 | . 10 . Record 1 | . 1 . Prototype ID Bank 1 | . 1 . Level Access Points 1 | . 1 . Branch Access Points 1 | . 1 . Repair Station Index 1 | . 1 . Alert Level 1 | . 1 . Registered Components 1 | . 1 . Registered Prototypes 1 | . 1 . Zone Layout 2 | . 2 . Fabricator Hacks . | . . . Repair Station Hacks 4 | . 4 . Scan Component 2 | . 2 . Repair 2 | . 2 . Recycling Unit Hacks . | . . . Scanalyzer . | . . . Garrison Access Hacks . | . . . Unauthorized Hacks . | . . . Terminals . | . . . Fabricators . | . . . Repair Stations . | . . . Recycling Units . | . . . Scanalyzers . | . . . Garrison Access . | . . . Data Cores Recovered . | . . . Used . | . . . Hacking Detections 9 | . 9 . Full Trace Events 1 | . 1 . Feedback Events . | . . . Feedback Blocked . | . . . Robot Schematics Acquired . | . . . Robots Built . | . . . Authchips . | . . . Time . | . . . Total Robot Build Rating . | . . . Part Schematics Acquired . | . . . Parts Built . | . . . Authchips . | . . . Time . | . . . Total Part Build Rating . | . . . Part Studies Acquired . | . . . Parts Repaired 2 | . 2 . Time 52 | . 52 . Parts Recycled . | . . . Recycled Matter . | . . . Retrieved Matter . | . . . Retrieved Components . | . . . Parts Scanalyzed . | . . . Part Schematics Acquired . | . . . Parts Damaged . | . . . Bothacking | -11 -10 -10 ------------ Run | Yrd Mat Sub Used RIF Installer . | . . . Robots Hacked . | . . . Non-combat . | . . . Combat . | . . . Robot Hacks Applied . | . . . Relay Couplers Released . | . . . Fabnet Peak Effective % . | . . . Robots Rewired . | . . . Allies Hacked . | . . . Hacks Repelled . | . . . Allies | -11 -10 -10 -------- Run | Yrd Mat Sub Total Allies . | . . . Largest Group . | . . . Highest-Rated Group . | . . . Highest-Rated Ally . | . . . Total Orders . | . . . Ally Attacks . | . . . Total Damage . | . . . Kills . | . . . Allies Corrupted . | . . . Allies Melted . | . . . Intel | -11 -10 -10 ------- Run | Yrd Mat Sub Active Infowar (turns) . | . . . Robot Analysis Total . | . . . Derelict Logs Recovered 2 | . . 2 Drone Launches . | . . . Drone Recoveries . | . . . Exploration | -11 -10 -10 ------------- Run | Yrd Mat Sub Turns Passed 2332 | 45 1140 1147 Spaces Moved 1817 | 35 875 907 Core 1 | 1 . . Treads . | . . . Legs . | . . . Wheels 1816 | 34 875 907 Hover . | . . . Flight . | . . . Fastest Speed 50 | 50 90 95 Average Speed 102 | 89 102 103 Slowest Speed 120 | 100 105 120 Overloaded Moves . | . . . Propulsion Burnouts . | . . . Robots Hopped . | . . . Potential Cave-ins 5 | . . 5 Cave-ins Triggered 1 | . . 1 Exploration Rate (%) 49 | 5 100 43 Regions Visited 2 Branch Regions 1 Pre-discovered Areas 1 | . . 1 Known Exits Taken . | . . . Unknown Exits Taken 2 | 1 1 . Scrap Searched 1 | . . 1 Spaces Dug 6 | . . 6 Terrain Destroyed 7 | . . 7 Melee . | . . . Projectile 7 | . . 7 AOE . | . . . Terrain Rammed . | . . . Walls Destroyed . | . . . Machines Disabled . | . . . Actions | -11 -10 -10 --------- Run | Yrd Mat Sub Total 2141 | 45 1062 1034 Wait 158 | . 125 33 Move 1815 | 34 874 907 Hop . | . . . Pick Up 25 | 4 13 8 Fast Attach 10 | 6 3 1 Attach . | . . . Detach . | . . . Swap 28 | 1 9 18 Drop 23 | . 7 16 Fire 81 | . 30 51 Melee . | . . . Ram 1 | . 1 . Kick . | . . . Crush . | . . . Escape Stasis . | . . . Rewire . | . . . Trap . | . . . Miscellaneous . | . . . Route ------- -11/Scrapyard -10/Materials (discovered 5 exits: *Mat x3 / *Min / [*Sub]) -10/Subcaves (discovered 2 exits: Rec / [*Scr]) History --------- Turn | Location | Event 17 | -11/Scrapyard | Discovered new exit (range 16) 46 | -11/Scrapyard | Entered Materials 84 | -10/Materials | Identified exit to Mines 232 | -10/Materials | Discovered new exit (range 5) 306 | -10/Materials | Build established: Mutant 387 | -10/Materials | Discovered new exit (range 13) 661 | -10/Materials | Discovered new exit (range 15) 719 | -10/Materials | Repaired Com. Wheel 746 | -10/Materials | Repaired Wheel 838 | -10/Materials | Discovered new exit (range 12) 842 | -10/Materials | Identified exit to Materials 1186 | -10/Materials | Entered Subcaves 1187 | -10/Subcaves | Approached by a straggling Scientist 1234 | -10/Subcaves | A swath of the cavern ceiling suddenly collapsed 1398 | -10/Subcaves | Identified exit to Recycling 1554 | -10/Subcaves | Ambushed by Subdwellers from Twisted Machinery 1782 | -10/Subcaves | Learned location of Zion (-7) 1782 | -10/Subcaves | Met a Zionite searching for "candidates" 1937 | -10/Subcaves | Ambushed by angry Subdweller bent on revenge 2154 | -10/Subcaves | Core integrity fell below 50% 2208 | -10/Subcaves | Core integrity fell below 20% 2334 | -10/Subcaves | Crushed by falling debris 2334 | -10/Subcaves | Smashed by cave-in Last Messages --------------- 02209_ ZL-905(R) suffers critical hit (Burn). 02209_ Sub. Power Source melted. 02209_ ZL-905(R) destroyed. 02210_ HV Slug penetrates MQ-L41(R). 02210_ MQ-L41(R) suffers critical hit (Destroy). 02210_ MQ-L41(R) destroyed. 02210_ HV Slug penetrates Wall. 02216_ Dropped Wheel. 02219_ Acquired 19 matter. 02220_ Acquired 9 matter. 02308_ Slug penetrates Wall. 02328_ The unstable cave ceiling collapses. 02328_ L2-BA6(h) crushed by falling debris. 02328_ Slug penetrates Earth. 02334_ The unstable cave ceiling collapses. 02334_ Crushed by falling debris. 02334_ Sub. Monowheel destroyed. 02334_ System corrupted by crushing effect (+1). 02334_ Ion Engine destroyed. 02334_ System corrupted by crushing effect (+2). Map ----- +----------------------------------------------------+ | | | | | | | | | | | | | | | | | | | | | | | | | | | | | | | | | ?????????????????????????????????????????????????? | | ?????????????????????????????????????????????????? | | ?????????????????????????????????????????????????? | | ?????????????????????????????????????????????????? | | ?????????????????????????????????????????????????? | | ?????????????????????????????????????????????????? | | ?????????????????????????????????????????????????? | | ?????????????????????????????????????????????????? | | ????????????????????????###??????????????????????? | | ????????????????????????#@##?????????????????????? | | ????????????????????????## ##????????????????????? | | ?????????????????????????## ##???????????????????? | | ??????????????????????????##h##??????????????????? | | ???????????????????????????####??????????????????? | | ????????????????????????????#"#??????????????????? | | ?????????????????????????#### ##?????????????????? | | ?????????????????????????#> #?????????????????? | | ?????????????????????????## #?????????????????? | | ??????????????????????????# #?????????????????? | | ??????????????????????????# #?????????????????? | | ???????????????????#####??# #?????????????????? | | ??????????????????##"""#### ###?????????????????? | | ??????????????????#""""" #???????????????????? | | ?????????????????##"""""" ##???????????????????? | | ????????????????## """"" ####????????????????????? | | ????????????????# """ #??????????????????????? | | ????????????????# ""##??????????????????????? | | ????????????????### ## ""#??????????????????????? | | ??????????????????# ?#" !##??????????????????????? | | ???????????????####??##&%##??????????????????????? | | ??????????????## #??#! &"#??????????????????????? | | ??????????????# #??##!&####????????????????????? | | ??????????????# #### [= #????????????????????? | | ??????????????## ## #????????????????????? | +----------------------------------------------------+ Best States ------------- Heat Dissipation 25 Energy Generation 15 Energy Capacity 250 Matter Stores 300 Matter Capacity 300 Sight Range 16 Terrain Scan Density 10 Resistance: KI 20 Resistance: TH 20 Resistance: EX 20 Resistance: EM 20 Resistance: I 20 Resistance: S 20 Resistance: P 20 Evasion (%) 42 Targeting Accuracy 5 Offensive Hacking 10 Item Schematics ----------------- None Robot Schematics ------------------ None Fabricated ------------ Nothing Repaired ---------- Com. Wheel | 13% | -10/Materials Wheel | 50% | -10/Materials Studied --------- None Alien Tech Used ----------------- None Achievements -------------- None Challenges ------------ None Game ------ Seed FlyingDeuteriumBoregun Manual? 0 Play Time 00:29:33 Cumulative 30.7 hours Start 2025.10.28 @ 10:21:41 End 2025.10.28 @ 10:49:29 Sessions 1 Manual Loads 0 Difficulty Adventurer Special Mode None Game No. 32 Rogue 0 Adventurer 32 Explorer 0 Win Type - Total 0 Types 0/0/0/0/0/0/0/0/0/0 Lore% 18 Gallery% 21 Achievement% 15 Wizard Run 0 Options --------- Layout 1 ASCII 0 Keyboard 0 Movement Numpad Keybinds 0 Fullscreen 1 Font 32/SmallcapsGlow Map View 50x35 Zoom Use 0% Tactical HUD 1 Map Filters NONE Filters NONE Steam 1 RUN: ef92ca92-7c9a-4f5c-8c23-ab904b202bcb